 Dungeon Crawl Stone Soup version 0.26-a0-651-gb41185065b (webtiles) character file.

Game seed: 15992133628176468868

52 tof the Twirler (level 3, -1/28 HPs)
             Began as a Demonspawn Gladiator on Sept 30, 2020.
             Slain by Crazy Yiuf
             ... wielding a +4 quarterstaff of chaos
              (13 damage)
             ... on level 2 of the Dungeon.
             The game lasted 00:02:35 (1966 turns).

tof the Twirler (Demonspawn Gladiator)              Turns: 1966, Time: 00:02:36

Health: -1/28      AC:  4    Str: 14    XL:     3   Next: 60%
Magic:  3/3        EV: 13    Int:  9    God:
Gold:   85         SH:  0    Dex: 15    Spells: 2/2 levels left

rFire    . . .     SeeInvis .   a - +0 quarterstaff
rCold    + + .     Faith    .   (shield currently unavailable)
rNeg     . . .     Spirit   .   b - +0 leather armour
rPois    .         Reflect  .   c - +0 helmet
rElec    .         Harm     .   (no cloak)
rCorr    .         Rampage  .   (no gloves)
MR       .....                  (no boots)
Stlth    +.........             (no amulet)
HPRegen  0.09/turn              s - ring of protection from cold
MPRegen  0.08/turn              (no ring)

@: no status effects
A: cold resistance 1
a: no special abilities


You were on level 2 of the Dungeon.
You visited 1 branch of the dungeon, and saw 2 of its levels.

You collected 85 gold pieces.

Inventory:

Hand Weapons
 a - a +0 quarterstaff (weapon)
Missiles
 d - 3 throwing nets (quivered)
 r - 6 poisoned darts
Armour
 b - a +0 leather armour (worn)
 c - a +0 helmet (worn)
Jewellery
 s - a ring of protection from cold (left hand)
Scrolls
 e - a scroll of fear {unknown}
 f - 6 scrolls of identify {unknown}
 j - 3 scrolls of magic mapping {unknown}
 l - a scroll of remove curse {unknown}
 p - 3 scrolls of teleportation {unknown}
 q - a scroll of enchant armour {unknown}
Potions
 g - a potion of cancellation {unknown}
 h - 4 potions of curing {unknown}
 i - a potion of berserk rage {unknown}
 k - a potion of lignification {unknown}
 m - a potion of invisibility {unknown}
 n - a potion of haste {unknown}
 o - a potion of heal wounds {unknown}


   Skills:
 + Level 2.5 Fighting
 + Level 3.2 Staves
 - Level 1.7 Throwing
 + Level 1.3 Armour
 + Level 3.1 Dodging


You had 2 spell levels left.
You didn't know any spells.
Your spell library was empty.

Dungeon Overview and Level Annotations

Branches:
Dungeon (2/15)

Altars:
Trog

Annotations:
D:2 Crazy Yiuf


Innate Abilities, Weirdness & Mutations

Your flesh is cold resistant. (rC+)


Message History

There is an open door here.
h - 3 fuming blue potions (gained 1)
h - 4 fuming blue potions (gained 1)
There is an open door here.
You see here a goblin skeleton.
Crazy Yiuf shouts!
Sorry, you're not good enough to have a special ability.
As you open the door, it creaks loudly!
Crazy Yiuf hits you with a +4 quarterstaff of chaos!
Crazy Yiuf burns you.
There is an open translucent door here.
You barely miss Crazy Yiuf.
Crazy Yiuf hits you with a +4 quarterstaff of chaos.
You hit Crazy Yiuf.
Crazy Yiuf is moderately wounded.
Crazy Yiuf hits you but does no damage.
You hit Crazy Yiuf.
Crazy Yiuf is moderately wounded.
Crazy Yiuf hits you with a +4 quarterstaff of chaos!
You die...

#.######
####...............
#.#
##.##.##.#####..
#.# #.##.##.######.
#.##
#####...<....#.
#..# ##..####...
##.###♣♣♣♣♣
#...####...
#.##...♣.♣♣♣ ####
##....##...
#.....P.♣..♣#...#
#.##.##.÷.
#....P.♣♣♣♣.@g..#
#.##.##... ##.#..♣♣
♣♣#..)# #.......##
####♣♣ ####
####.#### #.# #.#
### #.# #.. #.###.#
#...#.# ###.#.#


You could see Crazy Yiuf.

Vanquished Creatures
  An adder (D:2)
  3 dart slugs
  3 leopard geckos (D:2)
  5 goblins
  2 hobgoblins (D:2)
  A quokka (D:2)
  8 bats
  A frilled lizard (D:1)
  4 kobolds
  6 rats
34 creatures vanquished.

Notes
Turn   | Place    | Note
-------+----------+-------------------------------------------
     0 | D:1      | tof the Demonspawn Gladiator began the quest for the Orb.
     0 | D:1      | Reached XP level 1. HP: 16/16 MP: 1/1
   201 | D:1      | Gained mutation: Your flesh is cold resistant. (rC+)
                  | [demonic ancestry]
   201 | D:1      | Reached XP level 2. HP: 19/22 MP: 2/2
   751 | D:2      | Reached skill level 1 in Armour
   790 | D:2      | Reached XP level 3. HP: 15/28 MP: 3/3
   984 | D:2      | Found a bloodstained altar of Trog.
  1538 | D:2      | Found a faded altar of an unknown god.
  1706 | D:2      | Found a runed translucent door.
  1707 | D:2      | Noticed Crazy Yiuf
  1966 | D:2      | Slain by Crazy Yiuf

Illustrated notes

Levels and vault maps discovered:
D:1:      dpeg_arrival_round_b, layout_basic
D:2:      layout_loops_cross, lemuel_round_altar,
          chequers_ecumenical_altar_grove, minmay_misc_feat_five,
          supply_closet_lemuel, uniq_crazy_yiuf_cottage

Skill      XL: |  1  2 |
---------------+-------+-----
Staves         | 3 |  3.2
Armour         | 1 |  1.3
Dodging        | 3 |  3.1
Fighting       | |  2.5
Throwing       | |  1.7

Action                   || total
-------------------------++-------
Melee: Quarterstaff      ||    84
Armor: Leather armour    ||    30
Dodge: Dodged            ||    71

Table legend: (Time is in decaauts)
 A = Elapsed time spent in this place.
 B = Non-inter-level travel time spent in this place.
 C = Inter-level travel time spent in this place.
 D = Time resting spent in this place.
 E = Time spent auto-exploring this place.
 F = Levels seen in this place.
 G = Mean time per level.
                   A        B        C        D        E       F      G
               +--------+--------+--------+--------+--------+-----+--------+
         Total |   1977 |   1977 |      0 |    470 |   1204 |   2 |  988.5 |
       Dungeon |   1977 |   1977 |      0 |    470 |   1204 |   2 |  988.5 |
               +--------+--------+--------+--------+--------+-----+--------+

Top non-repeatable levels by time:
     D:2: 1258 daAuts
     D:1: 719 daAuts
